[Event "Late-Titled-Tuesday-Blitz-June-25-2024"]
[Site "Chess.com"]
[Date "2024.06.25"]
[Round "1"]
[White "Niktlt"]
[Black "campochess"]
[Result "1/2-1/2"]
[WhiteElo "2575"]
[BlackElo "2225"]
[TimeControl "180+1"]
[EndTime "14:04:35 PDT"]
[Termination "Game drawn by repetition"]

1. d4 Nf6 2. c4 g6 3. Nc3 d5 4. Nf3 Bg7 5. e3 O-O 6. cxd5 Nxd5 7. Nxd5 Qxd5 8. Be2 b6 9. O-O Bb7 10. b3 Qd6 11. a4 Nd7 12. Ba3 Qf6 13. Rc1 Rac8 14. Qd2 Rfe8 15. Rfd1 e5 16. dxe5 Nxe5 17. Nxe5 Qxe5 18. Bb4 c5 19. Bc3 Qg5 20. g3 Bxc3 21. Qxc3 Rcd8 22. Bf1 Qg4 23. Rxd8 Rxd8 24. Qf6 Rd2 25.
Rc4 Qd1 26. Rf4 Rd7 27. Qe5 Ba6 28. Qe8+ Kg7 29. Qe5+ Kg8 30. Qe8+ Kg7 31. Qe5+ Kg8 1/2-1/2

[Event "Late-Titled-Tuesday-Blitz-June-25-2024"]
[Site "Chess.com"]
[Date "2024.06.25"]
[Round "1"]
[White "Viktoker"]
[Black "Alexander_Khlebovich"]
[Result "0-1"]
[WhiteElo "2470"]
[BlackElo "2829"]
[TimeControl "180+1"]
[EndTime "14:04:37 PDT"]
[Termination "Alexander_Khlebovich won by resignation"]

1. d4 Nf6 2. Nf3 g6 3. Nc3 d5 4. Bf4 Bg7 5. Nb5 Na6 6. e3 c6 7. Nc3 Nc7 8. h3 O-O 9. Bd3 Nce8 10. O-O Nd6 11. a4 Nfe4 12. a5 Bf5 13. Na4 Qxa5 14.
Nc5 Qb6 15. Ne5 Nxc5 16. dxc5 Qxc5 17. Bxf5 Bxe5 18. Bxe5 Nxf5 19. Qg4 f6 20. Bc3 Qc4 21. Qf3 Qe4 22. Qe2 d4 23. Bd2 dxe3 24. fxe3 Ng3 25. Qf2 Nxf1 26. Rxf1 Rad8 27. Bc3 Rd5 28. Qg3 Rfd8 29.
Rf4 Qxc2 30. Kh2 Qb1 31. Qf2 Rf5 32. e4 Qxe4 33. Rxe4 Rxf2 34. Rxe7 b5 35. Rxa7 c5 36. Kg3 Rf5 37. Kh4 b4 38. g4 bxc3 39. gxf5 c2 0-1

[Event "Late-Titled-Tuesday-Blitz-June-25-2024"]
[Site "Chess.com"]
[Date "2024.06.25"]
[Round "1"]
[White "simplerXiao"]
[Black "K_A_S_T_O_R"]
[Result "0-1"]
[WhiteElo "2483"]
[BlackElo "2855"]
[TimeControl "180+1"]
[EndTime "14:04:38 PDT"]
[Termination "K_A_S_T_O_R won by resignation"]

1. d4 Nf6 2. Bg5 e6 3. e4 h6 4. Bxf6 Qxf6 5. Nc3 d6 6. Qd2 g5 7. O-O-O Bg7 8. Kb1 Nc6 9. Nge2 Bd7 10. f4 gxf4 11.
Nxf4 Qxd4 12. Nh5 Be5 13. Qe1 Qb6 14. Na4 Qb4 15. Qxb4 Nxb4 16. Nc3 Bxc3 17. bxc3 Nc6 18. Bc4 Ne5 19. Bb3 Ke7 20. g3 Bb5 21. Nf4 h5 22. Nd3 Ng4 23. c4 Bc6 24. Rde1 Rag8 25. Nf4 h4 26. h3 Nf2 27. g4 Nxh1 28. Rxh1 Bxe4 29. Re1 Bc6 30. Nd5+ Bxd5 31. cxd5 e5 0-1

[Event "Late-Titled-Tuesday-Blitz-June-25-2024"]
[Site "Chess.com"]
[Date "2024.06.25"]
[Round "1"]
[White "GMChessrob"]
[Black "mouseslips_are_the_best"]
[Result "1-0"]
[WhiteElo "2635"]
[BlackElo "2338"]
[TimeControl "180+1"]
[EndTime "14:04:41 PDT"]
[Termination "GMChessrob won by resignation"]

1. d4 Nf6 2. c4 g6 3. Nc3 Bg7 4. e4 d6 5. f3 O-O 6. Nge2 c5 7. d5 e6 8. Ng3 exd5 9. cxd5 a6 10. a4 h5 11. Bg5 Re8 12. Qd2 h4 13. Nge2 Nbd7 14. Nc1 Rb8 15. Be2 b5 16. axb5 axb5 17. Nxb5 h3 18. g3 Ne5 19. Nc3 Qb6 20. Rb1 Ba6 21.
O-O Bxe2 22. Qxe2 c4+ 23. Be3 Qb4 24. Qd2 Nfd7 25. N1e2 Nd3 26. b3 N7c5 27. Nd4 Nxb3 28. Rxb3 cxb3 29. Qxd3 Rec8 30. Nce2 b2 31. Nc6 Rxc6 32.
dxc6 b1=Q 33. Rxb1 Qxb1+ 34. Qxb1 Rxb1+ 35. Kf2 Kf8 36. c7 1-0

[Event "Late-Titled-Tuesday-Blitz-June-25-2024"]
[Site "Chess.com"]
[Date "2024.06.25"]
[Round "1"]
[White "Pitomina"]
[Black "HansOnTwitch"]
[Result "0-1"]
[WhiteElo "2523"]
[BlackElo "3116"]
[TimeControl "180+1"]
[EndTime "14:04:44 PDT"]
[Termination "HansOnTwitch won by resignation"]

1. e4 c6 2. d3 d5 3. Nf3 g6 4. g3 Bg7 5. Nbd2 e5 6. Bg2 Ne7 7. O-O O-O 8. Re1 Nd7 9. a4 a5 10. Nb3 h6 11. Bd2 b6 12. exd5 cxd5 13. Bc3 Nc6 14.
Nh4 Nc5 15. Nxc5 bxc5 16. Bd2 Be6 17. Rb1 Qd7 18. b3 g5 19. Nf3 f5 20. h3 e4 21. Nh2 Ne5 22. dxe4 fxe4 23. Qh5 Rf5 24. Ng4 Nxg4 25. hxg4 Rf7 26. Bh3 Raf8 27. Re2 Rxf2 28.
Rxf2 Rxf2 29. Kxf2 Bf7 0-1

[Event "Late-Titled-Tuesday-Blitz-June-25-2024"]
[Site "Chess.com"]
[Date "2024.06.25"]
[Round "1"]
[White "MarkusRagger"]
[Black "WindWhistler11"]
[Result "1-0"]
[WhiteElo "2799"]
[BlackElo "2462"]
[TimeControl "180+1"]
[EndTime "14:04:45 PDT"]
[Termination "MarkusRagger won by resignation"]

1. d4 Nf6 2. c4 e6 3. Nf3 Bb4+ 4.
Bd2 Qe7 5. g3 b6 6. Bg2 Bb7 7.
O-O Bxd2 8. Qxd2 d6 9. Qd3 Nbd7 10. Nc3 c5 11. Nb5 O-O 12. dxc5 dxc5 13. Qd6 Qxd6 14. Nxd6 Bc6 15. Rfd1 Rfd8 16. Ng5 Bxg2 17. Kxg2 Rf8 18. Rd2 h6 19. Nf3 Rfd8 20. Rad1 Nf8 21. Ne5 Rdb8 1-0

[Event "Late-Titled-Tuesday-Blitz-June-25-2024"]
[Site "Chess.com"]
[Date "2024.06.25"]
[Round "1"]
[White "Dexter_Dyke"]
[Black "nihalsarin"]
[Result "0-1"]
[WhiteElo "2521"]
[BlackElo "3097"]
[TimeControl "180+1"]
[EndTime "14:04:50 PDT"]
[Termination "nihalsarin won by resignation"]

1. e4 a6 2. d4 c6 3. Bd3 d5 4.
Nf3 Bg4 5. exd5 cxd5 6. O-O Nc6 7. c3 e6 8. h3 Bh5 9. Nbd2 Bd6 10. Re1 Nf6 11. Nf1 O-O 12. Bg5 Rc8 13. Ng3 Bg6 14. Bxg6 hxg6 15. Ne5 Qc7 16. Nxc6 Qxc6 17. Bxf6 gxf6 18.
Qg4 Qc7 19. Re2 f5 20. Qg5 Bf4 21. Qh4 Kg7 22. Re5 Bxe5 23. dxe5 Qxe5 24. Qb4 b5 25. Qa5 d4 26. cxd4 Qxd4 27. Qxa6 Qxb2 28. Rf1 Ra8 29. Qd6 Rxa2 30. h4 Rh8 31. h5 gxh5 32. Qf4 Qf6 33. Rd1 Ra1 34. Rxa1 Qxa1+ 35. Kh2 Qf6 36. Ne2 h4 37. Qb4 Qe5+ 38. Nf4 Rc8 39. g3 hxg3+ 40. fxg3 Rh8+ 41. Kg1 Qe3+ 42. Kg2 Qe4+ 43. Qxe4 fxe4 44. Ne2 b4 45. Nd4 Rc8 46. Kh3 Rc4 0-1

[Event "Late-Titled-Tuesday-Blitz-June-25-2024"]
[Site "Chess.com"]
[Date "2024.06.25"]
[Round "1"]
[White "rychessmaster1"]
[Black "PapaieDudu"]
[Result "1-0"]
[WhiteElo "2795"]
[BlackElo "2460"]
[TimeControl "180+1"]
[EndTime "14:04:53 PDT"]
[Termination "rychessmaster1 won by resignation"]

1. d4 d5 2. Nc3 Nf6 3. Bf4 e6 4. Nb5 Na6 5. e3 Bb4+ 6. c3 Be7 7. a4 O-O 8. Nf3 c6 9. Na3 b6 10. Ne5 Qe8 11. Bd3 Bb7 12. O-O Rc8 13. h3 Nd7 14.
Qh5 g6 15. Qe2 Bf6 16. Bxa6 Bxa6 17. Qxa6 Bxe5 18. Bxe5 f6 19. Bg3 Rf7 20. c4 c5 21.
cxd5 exd5 22. Nb5 Qe6 23. Nd6 Rcf8 24. Nxf7 Rxf7 25. dxc5 Nxc5 26. Qb5 Ne4 27. Rad1 g5 28.
Qxd5 Qxd5 29. Rxd5 f5 30. Rc1 f4 31. exf4 gxf4 32. Bh4 Kg7 33. Re5 Nc5 34. Re7 Nd3 35. Rcc7 Rxe7 36. Rxe7+ Kg6 37. Rxa7 Nxb2 38. Bd8 f3 39. Bxb6 Nd3 40. Be3 fxg2 41. Kxg2 Ne1+ 42. Kg3 Nd3 43. a5 h5 44. h4 Kf5 45. Ra8 Ne1 46. a6 Ke4 47. a7 Kd3 48. Bb6 Ke2 49. Ba5 Nd3 50. Re8+ Kf1 51. Bb6 Kg1 52. f3+ Kh1 53. a8=R 1-0

[Event "Late-Titled-Tuesday-Blitz-June-25-2024"]
[Site "Chess.com"]
[Date "2024.06.25"]
[Round "1"]
[White "vi_pranav"]
[Black "TheDevilAdvisoR"]
[Result "1-0"]
[WhiteElo "3043"]
[BlackElo "2516"]
[TimeControl "180+1"]
[EndTime "14:04:54 PDT"]
[Termination "vi_pranav won on time"]

1. e4 Nf6 2. Nc3 d5 3. e5 Ne4 4. d4 Nxc3 5. bxc3 c5 6. Nf3 Nc6 7. h3 e6 8. Bd3 cxd4 9. cxd4 Bb4+ 10. Bd2 Bxd2+ 11. Qxd2 Qa5 12. c3 b6 13. O-O Ba6 14.
Rfc1 Rc8 15. a4 Ne7 16. Qe2 Bxd3 17. Qxd3 Nf5 18. Nd2 b5 19. axb5 Qc7 20. c4 dxc4 21. Rxc4 Qb7 22. Rxa7 Qb8 23. Rxc8+ Qxc8 24. Qa3 1-0

[Event "Late-Titled-Tuesday-Blitz-June-25-2024"]
[Site "Chess.com"]
[Date "2024.06.25"]
[Round "1"]
[White "ukchessbomber"]
[Black "jamengrand"]
[Result "1-0"]
[WhiteElo "2620"]
[BlackElo "2317"]
[TimeControl "180+1"]
[EndTime "14:04:57 PDT"]
[Termination "ukchessbomber won by resignation"]

1. b4 e5 2. Bb2 Bxb4 3. Bxe5 Nf6 4. e3 O-O 5. c3 Ba5 6. Bxf6 Qxf6 7. d4 Re8 8. Ne2 Nc6 9. Nd2 d5 10. g3 Bg4 11.
Bg2 Bxc3 12. Rc1 Bxe2 13. Qxe2 Nxd4 14. Qd3 Bxd2+ 15. Qxd2 Nf3+ 16. Bxf3 Qxf3 17. O-O c6 18. Rb1 Re7 19. Qb4 Rae8 20. Qd6 Qf6 21. Qa3 a6 22. Rb2 h5 23. Rfb1 h4 24. Rxb7 Rxb7 25. Rxb7 d4 26.
exd4 Re1+ 27. Kg2 Re2 28. Rb8+ Kh7 29. Qd3+ 1-0

[Event "Late-Titled-Tuesday-Blitz-June-25-2024"]
[Site "Chess.com"]
[Date "2024.06.25"]
[Round "1"]
[White "pooh2012"]
[Black "ritanovikova"]
[Result "1-0"]
[WhiteElo "2603"]
[BlackElo "2256"]
[TimeControl "180+1"]
[EndTime "14:04:57 PDT"]
[Termination "pooh2012 won on time"]

1. d4 e6 2. c4 d5 3. Nc3 Bb4 4. Nf3 Nf6 5. cxd5 exd5 6. Qa4+ Nc6 7. Ne5 Bd7 8. Nxd7 Qxd7 9. e3 Ne4 10. Qc2 Nxc3 11. bxc3 Bd6 12. Bd3 O-O-O 13. Bf5 1-0

[Event "Late-Titled-Tuesday-Blitz-June-25-2024"]
[Site "Chess.com"]
[Date "2024.06.25"]
[Round "1"]
[White "Javokhir_Sindarov05"]
[Black "HowTo2Draw"]
[Result "1-0"]
[WhiteElo "3069"]
[BlackElo "2519"]
[TimeControl "180+1"]
[EndTime "14:04:59 PDT"]
[Termination "Javokhir_Sindarov05 won by resignation"]

1. e4 c6 2. d4 d5 3. f3 dxe4 4. fxe4 e5 5. Nf3 exd4 6. Bc4 Nf6 7. O-O Bc5 8. e5 Nd5 9. Ng5 Be6 10. Nxe6 fxe6 11.
Qh5+ g6 12. Qh3 Qe7 13. Nd2 Nd7 14. Ne4 O-O-O 15. Bg5 Qe8 16. Bxd8 Kxd8 17. Bxd5 exd5 18. Nxc5 Nxc5 19. Qh4+ Qe7 20. Qxd4 Kc7 21. e6 Rf8 22. Qe5+ Kb6 23. Rxf8 Qxf8 24. e7 Qe8 25. Rf1 Nd7 26.
Qe6 Kc7 27. Qf7 1-0

[Event "Late-Titled-Tuesday-Blitz-June-25-2024"]
[Site "Chess.com"]
[Date "2024.06.25"]
[Round "1"]
[White "sammartin99"]
[Black "h4parah5"]
[Result "0-1"]
[WhiteElo "2505"]
[BlackElo "2967"]
[TimeControl "180+1"]
[EndTime "14:04:59 PDT"]
[Termination "h4parah5 won by resignation"]

1. d4 Nf6 2. c4 e6 3. Nc3 d5 4. cxd5 exd5 5. Bg5 c6 6. e3 h6 7. Bh4 Be6 8. Bd3 Nbd7 9. Nge2 g5 10. Bg3 Nh5 11.
Qc2 Nxg3 12. Nxg3 h5 13. h4 gxh4 14. Nf5 Nf6 15. O-O-O Rg8 16. Nxh4 Bd6 17. g3 Bg4 18. Be2 Qd7 19. Bxg4 hxg4 20. Nf5 Bb4 21. Rh6 Qe6 22. Nxd5 cxd5 23. Qa4+ Qd7 24. Qxb4 Qxf5 25. Qb5+ Kf8 26. Qd3 Rc8+ 27. Kb1 Qxd3+ 28. Rxd3 Ne4 29. Rh2 Kg7 0-1

[Event "Late-Titled-Tuesday-Blitz-June-25-2024"]
[Site "Chess.com"]
[Date "2024.06.25"]
[Round "1"]
[White "ReinisUz"]
[Black "zimmm36"]
[Result "0-1"]
[WhiteElo "2433"]
[BlackElo "2732"]
[TimeControl "180+1"]
[EndTime "14:05:02 PDT"]
[Termination "zimmm36 won by checkmate"]

1. c4 e6 2. Nc3 d5 3. d4 Nf6 4. cxd5 Nxd5 5. e4 Nxc3 6. bxc3 c5 7. Nf3 cxd4 8. cxd4 Bb4+ 9. Bd2 Bxd2+ 10. Qxd2 O-O 11.
Be2 b6 12. O-O Bb7 13. Qe3 Nd7 14. Rfc1 Rc8 15. Rxc8 Qxc8 16. Rc1 Qb8 17. Bb5 Nf6 18. Bc6 Rc8 19. Bxb7 Qxb7 20. Rxc8+ Qxc8 21. h3 h6 22. Qd3 Qc1+ 23. Kh2 Qf4+ 24. Kg1 Qxe4 25. Qa6 Qb1+ 26. Kh2 Ne4 27. Qxa7 Nxf2 28. Ne5 Qf5 29. Qxb6 Ne4 30. a4 Qf4+ 31. Kg1 Ng3 32. Qb8+ Kh7 33. Qb1+ f5 34.
Qb2 Qe3+ 35. Qf2 Qc1+ 36. Kh2 f4 37. a5 Qh1# 0-1

[Event "Late-Titled-Tuesday-Blitz-June-25-2024"]
[Site "Chess.com"]
[Date "2024.06.25"]
[Round "1"]
[White "UB_TheQueen"]
[Black "zsizsi99"]
[Result "0-1"]
[WhiteElo "2040"]
[BlackElo "2546"]
[TimeControl "180+1"]
[EndTime "14:05:02 PDT"]
[Termination "zsizsi99 won by resignation"]

1. e4 c5 2. Nf3 Nc6 3. d4 cxd4 4.
Nxd4 e5 5. Nb5 a6 6. Nd6+ Bxd6 7. Qxd6 Qf6 8. Qd3 Nge7 9. Nc3 O-O 10. Be3 Nb4 11.
Qd2 d5 12. exd5 Bf5 13. Bd3 Bxd3 14. cxd3 Nexd5 15. Bc5 Rfd8 16. Ne4 Qg6 17. Bxb4 Nf4 18. O-O-O Nxd3+ 19. Kb1 Qxe4 20. Rhe1 Nxe1+ 21. Ka1 Rxd2 22. Rxd2 Nc2+ 0-1

[Event "Late-Titled-Tuesday-Blitz-June-25-2024"]
[Site "Chess.com"]
[Date "2024.06.25"]
[Round "1"]
[White "AlexKhripachenko"]
[Black "czasnaszachy"]
[Result "1/2-1/2"]
[WhiteElo "2817"]
[BlackElo "2483"]
[TimeControl "180+1"]
[EndTime "14:05:05 PDT"]
[Termination "Game drawn by repetition"]

1. e4 e5 2. Nf3 Nc6 3. Bb5 a6 4.
Ba4 Nf6 5. O-O Be7 6. Re1 b5 7. Bb3 d6 8. c3 O-O 9. h3 Na5 10. Bc2 c5 11. d4 Qc7 12. d5 Bd7 13. b3 c4 14. b4 Nb7 15. a4 a5 16. axb5 axb4 17.
Rxa8 Rxa8 18. cxb4 Bxb5 19. Nc3 Be8 20. Be3 Nd7 21. Qc1 Nb8 22. Qb2 Bd8 23. Nd2 h6 24.
Bd1 Bg5 25. Bxg5 hxg5 26. Be2 Nd7 27. Nxc4 Nb6 28. Nxb6 Qxb6 29. b5 Nc5 30. Ra1 Rxa1+ 31. Qxa1 Nb3 32. Qa8 Kf8 33. Qa6 Qd4 34. Qxd6+ Kg8 35.
Qd8 Qxc3 36. Qxe8+ Kh7 37. Bh5 Qc1+ 38. Kh2 Qf4+ 39. Kg1 Qc1+ 40. Kh2 Qf4+ 41. Kg1 Qc1+ 1/2-1/2

[Event "Late-Titled-Tuesday-Blitz-June-25-2024"]
[Site "Chess.com"]
[Date "2024.06.25"]
[Round "1"]
[White "lamomiajunior"]
[Black "Heliosis11"]
[Result "1-0"]
[WhiteElo "2748"]
[BlackElo "2441"]
[TimeControl "180+1"]
[EndTime "14:05:06 PDT"]
[Termination "lamomiajunior won by resignation"]

1. e4 e5 2. Nf3 Nc6 3. Bc4 Nf6 4. d3 Bc5 5. c3 d6 6. Bg5 h6 7.
Bh4 g5 8. Bg3 Bg4 9. h3 Bh5 10.
Nbd2 a6 11. b4 Ba7 12. a4 Qe7 13. Qb3 Bg6 14. a5 Nh5 15. Nf1 Nxg3 16. Nxg3 Qf6 17. Ra2 Nd8 18. d4 Nc6 19. b5 axb5 20. Bxb5 exd4 21.
a6 Bb6 22. axb7 Rxa2 23. b8=Q+ Ke7 24. Qxh8 Ra1+ 25. Ke2 Qxh8 26. Rxa1 dxc3 27. Bxc6 1-0

[Event "Late-Titled-Tuesday-Blitz-June-25-2024"]
[Site "Chess.com"]
[Date "2024.06.25"]
[Round "1"]
[White "schondeln"]
[Black "MaestroCheck"]
[Result "1-0"]
[WhiteElo "2385"]
[BlackElo "2636"]
[TimeControl "180+1"]
[EndTime "14:05:09 PDT"]
[Termination "schondeln won by checkmate"]

1. e4 c5 2. Nf3 e6 3. c3 Nf6 4.
e5 Nd5 5. g3 d6 6. exd6 Bxd6 7. Bg2 Nc6 8. O-O O-O 9. d4 cxd4 10.
Nxd4 Bd7 11. Nb5 Bc5 12. c4 Nde7 13. N1c3 a6 14. Nd6 Qc7 15. Nde4 Bd4 16. Bf4 e5 17. Nd5 Nxd5 18. cxd5 Nb4 19. Qxd4 Nc2 20. Bxe5 Qd8 21.
Qd2 Nxa1 22. Rxa1 Bf5 23. Bc3 f6 24. d6 Kh8 25. Qd5 Bg6 26. Nc5 Bf7 27. Qd4 b6 28. Ne4 Rc8 29. Rd1 Bxa2 30. d7 Rc4 31. Qd6 Bb3 32.
Rd4 Rxd4 33. Bxd4 Ba4 34. Bxb6 Qxd7 35. Qxf8# 1-0

[Event "Late-Titled-Tuesday-Blitz-June-25-2024"]
[Site "Chess.com"]
[Date "2024.06.25"]
[Round "1"]
[White "Crasyhealer"]
[Black "legendisback1"]
[Result "0-1"]
[WhiteElo "2512"]
[BlackElo "3009"]
[TimeControl "180+1"]
[EndTime "14:05:13 PDT"]
[Termination "legendisback1 won by checkmate"]

1. d4 g6 2. c4 Bg7 3. Nc3 d6 4. h4 h6 5. e4 Nd7 6. Be3 c5 7. Nf3 Ngf6 8. Qd2 Ng4 9. O-O-O O-O 10. Be2 Nxe3 11. fxe3 b6 12. g4 Bb7 13. Rhf1 Rc8 14. d5 a6 15. h5 g5 16. e5 Nxe5 17. Nxe5 Bxe5 18. Bd3 b5 19. cxb5 c4 20. Bb1 Qb6 21.
Na4 c3 22. Nxb6 cxb2# 0-1

[Event "Late-Titled-Tuesday-Blitz-June-25-2024"]
[Site "Chess.com"]
[Date "2024.06.25"]
[Round "1"]
[White "ninjatrick"]
[Black "HamedWafa4"]
[Result "1-0"]
[WhiteElo "2478"]
[BlackElo "2773"]
[TimeControl "180+1"]
[EndTime "14:05:15 PDT"]
[Termination "ninjatrick won by resignation"]

1. Nf3 d5 2. e3 Nf6 3. b3 c5 4. Bb2 a6 5. c4 Nc6 6. Be2 d4 7. exd4 cxd4 8. d3 e5 9. Nbd2 a5 10. a3 h6 11. O-O Bd6 12. Rc1 O-O 13.
c5 Bc7 14. Re1 Re8 15. Bf1 Be6 16. Nc4 Bd5 17. g3 e4 18. Nxd4 Nxd4 19. Bxd4 exd3 20.
Qxd3 Rxe1 21. Rxe1 Bc6 22. Ne3 Nd5 23. Nf5 f6 24. Bg2 Kh8 25. Nh4 Ne7 26. Rxe7 Bxg2 27. Kxg2 Be5 28. Ng6+ Kg8 29. Qc4+ Kh7 30. Qf7 1-0

[Event "Late-Titled-Tuesday-Blitz-June-25-2024"]
[Site "Chess.com"]
[Date "2024.06.25"]
[Round "1"]
[White "CDOEspiao"]
[Black "Jospem"]
[Result "0-1"]
[WhiteElo "2516"]
[BlackElo "3045"]
[TimeControl "180+1"]
[EndTime "14:05:16 PDT"]
[Termination "Jospem won by resignation"]

1. Nf3 c5 2. g3 Nc6 3. Bg2 g6 4. O-O Bg7 5. d3 d6 6. e4 Nf6 7. c3 O-O 8. Re1 Rb8 9. a4 Bg4 10. h3 Bxf3 11. Qxf3 Nd7 12. Na3 a6 13. Nc4 b5 14.
axb5 axb5 15. Ne3 b4 16. Bd2 bxc3 17. bxc3 Rb2 18. Nc4 Nde5 19. Nxe5 Nxe5 20. Qe3 Qb8 21. Re2 Nc6 22. Be1 Rb3 23. Rc1 Qb6 24. Rec2 Rb8 25.
Qd2 Qa6 26. Bf1 Ne5 27. Kg2 Qc6 28. f3 h5 29. d4 Nxf3 30. Kxf3 cxd4 31. Bd3 dxc3 32.
Qe3 R8b4 33. g4 hxg4+ 34. hxg4 f5 35. gxf5 gxf5 36. Kf2 Bd4 0-1

[Event "Late-Titled-Tuesday-Blitz-June-25-2024"]
[Site "Chess.com"]
[Date "2024.06.25"]
[Round "1"]
[White "merinasian"]
[Black "purpurice"]
[Result "0-1"]
[WhiteElo "2386"]
[BlackElo "2673"]
[TimeControl "180+1"]
[EndTime "14:05:16 PDT"]
[Termination "purpurice won by resignation"]

1. d4 Nf6 2. Nf3 g6 3. Bf4 Bg7 4. e3 O-O 5. h3 d5 6. Be2 c5 7. O-O Nc6 8. c3 Ne4 9. Nbd2 Bf5 10. Nxe4 Bxe4 11. Nd2 cxd4 12. Nxe4 dxe4 13. cxd4 Qb6 14. Qb3 e5 15. Qxb6 axb6 16. dxe5 Nxe5 17. a3 Rac8 18. Rac1 Nd3 19. Bxd3 exd3 20. Rxc8 Rxc8 21. Rd1 Rd8 22. Bc7 Rd7 23. Bxb6 Bxb2 24. Bd4 Bxa3 25. Rxd3 Be7 26. Rb3 f5 27. Kf1 Kf7 28. Ke2 Ke6 29. Kd3 Bd6 30. Rb2 Kd5 31. Rb5+ Kc6 32. Rb6+ Kc7 33. Kc4 Be7 34. Re6 Bd6 35. Kb5 Rf7 36. Bb6+ Kd7 0-1

[Event "Late-Titled-Tuesday-Blitz-June-25-2024"]
[Site "Chess.com"]
[Date "2024.06.25"]
[Round "1"]
[White "Alblooshi_Hamad"]
[Black "WilsonPalencia21"]
[Result "0-1"]
[WhiteElo "2280"]
[BlackElo "2606"]
[TimeControl "180+1"]
[EndTime "14:05:20 PDT"]
[Termination "WilsonPalencia21 won by resignation"]

1. d4 Nf6 2. c4 c5 3. d5 g6 4. Nc3 Bg7 5. e4 d6 6. f4 O-O 7. Nf3 e6 8. Be2 exd5 9. cxd5 a6 10. a4 Bg4 11. Bd2 Nbd7 12. O-O Re8 13. h3 Bxf3 14.
Bxf3 c4 15. Be3 Rc8 16. Bd4 Nc5 17. Bxc5 Rxc5 18. Re1 Nd7 19. a5 Rxa5 20. Rxa5 Qxa5 21. Qc2 b5 22. Ne2 Qb4 23. Rb1 Nc5 24. Nc3 Qb3 25. Qxb3 Nxb3 26. Re1 Bxc3 27. bxc3 a5 28. e5 a4 29. e6 a3 30. Re2 f5 31. Ra2 Ra8 32. g4 Kf8 33. gxf5 gxf5 34. Bd1 Nc1 35.
Ra1 a2 36. e7+ Kxe7 37. Bc2 Kf6 38. Kf2 Nb3 39. Re1 a1=Q 40. Re6+ Kf7 41. Bxf5 Qxc3 0-1

[Event "Late-Titled-Tuesday-Blitz-June-25-2024"]
[Site "Chess.com"]
[Date "2024.06.25"]
[Round "1"]
[White "Mikhail_Golubev"]
[Black "Chessdude1987"]
[Result "1-0"]
[WhiteElo "2655"]
[BlackElo "2370"]
[TimeControl "180+1"]
[EndTime "14:05:22 PDT"]
[Termination "Mikhail_Golubev won by resignation"]

1. e4 e6 2. d4 d5 3. e5 c5 4. c3 Nc6 5. Nf3 Qb6 6. Bd3 Nh6 7. O-O cxd4 8. cxd4 Nf5 9. Nc3 Nfxd4 10. Nxd4 Qxd4 11.
Nb5 Qb6 12. Re1 Be7 13. Qg4 Kf8 14. Be3 Qd8 15. Qg3 Bd7 16. Nd6 Bxd6 17. exd6 e5 18. Rac1 f6 19. f4 d4 20. Bd2 a5 21. fxe5 Nxe5 22.
Rxe5 fxe5 23. Rf1+ 1-0

[Event "Late-Titled-Tuesday-Blitz-June-25-2024"]
[Site "Chess.com"]
[Date "2024.06.25"]
[Round "1"]
[White "ExchangeAB"]
[Black "Andrey-Ivanov2011"]
[Result "1-0"]
[WhiteElo "2549"]
[BlackElo "2101"]
[TimeControl "180+1"]
[EndTime "14:05:26 PDT"]
[Termination "ExchangeAB won by resignation"]

1. d4 Nf6 2. Nf3 g6 3. g3 Bg7 4. Bg2 O-O 5. O-O d5 6. b3 b6 7. Bb2 Bb7 8. e3 c5 9. Nbd2 e6 10.
Re1 Nc6 11. Rc1 Rc8 12. a3 Re8 13. Ne5 Nxe5 14. dxe5 Nd7 15. f4 Nb8 16. e4 d4 17.
Nc4 Bf8 18. c3 Nc6 19. Qd2 dxc3 20. Qxc3 b5 21. Nd6 Bxd6 22. exd6 Nd4 23. e5 Bxg2 24. Kxg2 Qd7 25. Qd3 Qb7+ 26. Kf2 h5 27. Bxd4 cxd4 28.
Qxd4 Red8 29. Red1 h4 30. gxh4 Kg7 31. Rxc8 Rxc8 32.
d7 Rd8 33. h5 a5 34. hxg6 Rh8 35. Kg1 Qf3 36. d8=Q Rxd8 37. Qxd8 Qg4+ 38. Kf2 Qxf4+ 39. Ke2 Qxh2+ 40. Kd3 Qg3+ 41. Kc2 Qg2+ 42. Qd2 Qxg6+ 43. Qd3 Qg2+ 44. Rd2 Qc6+ 45. Kb2 b4 46. axb4 axb4 47. Qc4 Qf3 48. Qxb4 Qe3 49. Qc3 Qb6 50. b4 Kf8 51.
Qc5+ 1-0

[Event "Late-Titled-Tuesday-Blitz-June-25-2024"]
[Site "Chess.com"]
[Date "2024.06.25"]
[Round "1"]
[White "Arysya"]
[Black "giomar27"]
[Result "1-0"]
[WhiteElo "2836"]
[BlackElo "2479"]
[TimeControl "180+1"]
[EndTime "14:05:27 PDT"]
[Termination "Arysya won by resignation"]

1. e4 e5 2. Nf3 Nc6 3. Nc3 Nf6 4. g3 d5 5. exd5 Nxd5 6. Bg2 Nxc3 7. bxc3 Bc5 8. O-O O-O 9. d3 Bg4 10. Qe1 Re8 11.
Qe4 Bh5 12. Nh4 Qd7 13. a4 Bg4 14. a5 a6 15. Be3 Bd6 16. Qa4 Bh3 17. Rab1 Bxg2 18.
Kxg2 Rab8 19. Nf3 f5 20. Rfe1 Qf7 21. Rxb7 Rxb7 22. Qxc6 Rbb8 23. Ng5 Qg6 24. Bd2 h6 25. Qc4+ Kf8 26. Nf3 Rb5 27. Qc6 Rxa5 28. c4 Ra2 29. Nxe5 Qh5 30. Nd7+ Kg8 31. Rxe8+ 1-0

[Event "Late-Titled-Tuesday-Blitz-June-25-2024"]
[Site "Chess.com"]
[Date "2024.06.25"]
[Round "1"]
[White "ozates"]
[Black "NigiriSushies"]
[Result "1-0"]
[WhiteElo "2616"]
[BlackElo "2307"]
[TimeControl "180+1"]
[EndTime "14:05:28 PDT"]
[Termination "ozates won by checkmate"]

1. e4 c5 2. Nf3 d6 3. d4 cxd4 4. Nxd4 Nf6 5. Nc3 a6 6. g3 g6 7. Bg2 Bg7 8. O-O O-O 9. Re1 Bd7 10. h3 Nc6 11. Nxc6 Bxc6 12. Qe2 Re8 13. Be3 Rc8 14. Rad1 Qa5 15. a3 b5 16. Nd5 Bxd5 17. exd5 Nd7 18. Bd4 Ne5 19. c3 Qc7 20. a4 Nc4 21. axb5 axb5 22. h4 h5 23. g4 hxg4 24. Qxg4 Bxd4 25.
Rxd4 Ne5 26. Qg3 b4 27. f4 Nd7 28. f5 bxc3 29. fxg6 cxb2 30. gxf7+ Kxf7 31. Bh3 Nf6 32. Be6+ Kf8 33. Rf1 Qc1 34. Qg8# 1-0

[Event "Late-Titled-Tuesday-Blitz-June-25-2024"]
[Site "Chess.com"]
[Date "2024.06.25"]
[Round "1"]
[White "FLYD"]
[Black "KoshkaMatrioshka"]
[Result "0-1"]
[WhiteElo "2125"]
[BlackElo "2553"]
[TimeControl "180+1"]
[EndTime "14:05:30 PDT"]
[Termination "KoshkaMatrioshka won by checkmate"]

1. e4 e6 2. d4 d5 3. Nc3 Bb4 4. e5 c5 5. a3 Bxc3+ 6. bxc3 Qa5 7. Bd2 Qa4 8. Qg4 g6 9. h4 h6 10. Rh3 Nc6 11. Nf3 c4 12. Kd1 Bd7 13. h5 g5 14.
Ng1 f5 15. exf6 Nxf6 16. Qe2 O-O-O 17. Nf3 g4 18. Rg3 gxf3 19. Rxf3 Ne4 20. Re3 Rdf8 21. f3 Ng3 22. Qf2 Nxf1 23. Qxf1 Ne7 24. g4 Rhg8 25. Qg2 Nf5 26. Re5 Nh4 27. Qe2 Nxf3 28. Bxh6 Nxe5 29. Bxf8 Rxf8 30. dxe5 Qa5 31. Kd2 Qd8 32.
Rh1 Qg5+ 33. Kd1 d4 34. Qxc4+ Kb8 35. Qxd4 Rd8 36. Ke1 Bc6 37. Qg1 Qxe5+ 38. Kf2 Rd2+ 39. Kf1 Qe2# 0-1

[Event "Late-Titled-Tuesday-Blitz-June-25-2024"]
[Site "Chess.com"]
[Date "2024.06.25"]
[Round "1"]
[White "ChristopherYoo"]
[Black "Kielinkei"]
[Result "1-0"]
[WhiteElo "3024"]
[BlackElo "2516"]
[TimeControl "180+1"]
[EndTime "14:05:36 PDT"]
[Termination "ChristopherYoo won on time"]

1. d4 Nf6 2. Nf3 e6 3. Bf4 d5 4. e3 c5 5. Nbd2 Nc6 6. c3 Bd6 7. Bg3 O-O 8. Bd3 h6 9. O-O Bxg3 10. hxg3 cxd4 11. exd4 Qd6 12. Qe2 b6 13. Ne5 Bb7 14. f4 Ne7 15. g4 Nd7 16. Ndf3 Rae8 17. g5 Nf5 18. g4 Ng3 19. Qh2 Nxf1 20. Rxf1 Nxe5 21.
Nxe5 Bc8 22. gxh6 g6 23. h7+ Kh8 24. Qh6 Qe7 25. Bxg6 Qf6 26. g5 Qg7 27. Qh5 Re7 28. Bd3 1-0